 Dungeon Crawl Stone Soup version 0.25.1-2-g60ff931df9 (webtiles) character file.

Game seed: 16218134494819184950

1520 Acheron the Shield-Bearer (level 8, -1/48 HPs)
             Began as a Gargoyle Fighter on Nov 13, 2020.
             Was an Initiate of Okawaru.
             Hit by a silver boomerang thrown by an orc warrior (7 damage)
             ... on level 7 of the Dungeon.
             The game lasted 00:34:19 (6363 turns).

Acheron the Shield-Bearer (Gargoyle Fighter)        Turns: 6363, Time: 00:34:26

Health: -1/48      AC: 12    Str: 26    XL:     8   Next: 84%
Magic:  11/11      EV:  9    Int:  9    God:    Okawaru [......]
Gold:   224        SH: 11    Dex: 11    Spells: 4/12 levels left

rFire    . . .     SeeInvis +   a - +1 war axe
rCold    . . .     Gourm    .   c - +1 kite shield
rNeg     + . .     Faith    .   b - +0 scale mail
rPois    ∞         Spirit   .   (no helmet)
rElec    +         Reflect  .   (no cloak)
rCorr    .         Harm     .   (no gloves)
MR       .....                  (no boots)
Stlth    +.........             (no amulet)
HPRegen  0.16/turn              k - +6 ring of strength
MPRegen  0.12/turn              v - ring of see invisible

@: about to teleport, slowed, very slow
A: negative energy resistance 1, electricity resistance, unbreathing,
petrification resistance, rot immunity, AC +5
a: Renounce Religion


You were on level 7 of the Dungeon.
You worshipped Okawaru.
Okawaru was noncommittal.
You were not hungry.

You visited 2 branches of the dungeon, and saw 9 of its levels.
You also visited: Sewer.

You collected 302 gold pieces.
You spent 78 gold pieces at shops.

Inventory:

Hand Weapons
 a - a +1 war axe (weapon)
 r - a +0 short sword
Missiles
 e - 27 poisoned darts
 i - 56 stones
 l - 34 sling bullets
 m - 6 curare-tipped darts
 q - 16 boomerangs (quivered)
Armour
 b - a +0 scale mail (worn)
 c - a +1 kite shield (worn)
 n - the cursed +1 leather armour "Iharuol" {rF+ rN+ MR- Str+6}
   (You took it off an orc priest on level 4 of the Dungeon)

   It affects your strength (+6).
   It protects you from fire.
   It protects you from negative energy.
   It affects your resistance to hostile enchantments.
   It has a curse placed upon it.
 s - a +0 ring mail
Jewellery
 d - an uncursed ring of magical power
 k - a +6 ring of strength (left hand)
 v - a ring of see invisible (right hand)
 w - an uncursed ring of protection from cold
 y - an uncursed ring of stealth
Wands
 p - a wand of flame (8)
Scrolls
 h - 8 scrolls of identify
 j - a scroll of blinking {unknown}
 o - 3 scrolls of remove curse
 x - a scroll of enchant armour
 z - a scroll of amnesia
Potions
 g - 2 potions of stabbing
 t - 3 potions of curing
 A - a potion of heal wounds
 B - a potion of resistance {unknown}
Comestibles
 f - 7 rations
 C - 4 chunks of flesh


   Skills:
 * Level 4.8 Fighting
 * Level 4.7 Axes
 * Level 2.2 Throwing
 * Level 4.8 Armour
 * Level 2.3 Dodging
 * Level 3.4 Stealth
 + Level 5.6 Shields
 * Level 2.5 Spellcasting
 * Level 1.4 Conjurations
 * Level 1.1 Summonings
 * Level 1.2 Translocations
 * Level 1.6 Evocations


You had 4 spell levels left.
You knew the following spells:

 Your Spells              Type           Power        Failure   Level  Hunger
a - Magic Dart            Conj           #...         78%         1    ##.....
b - Blink                 Tloc           N/A          90%         2    ###....
c - Call Imp              Summ           #.......     91%         2    ###....
d - Conjure Flame         Conj/Fire      #.......     99%         3    ####...

Your spell library contained the following spells:

 Spells                   Type           Power        Failure   Level  Hunger
 Corona                   Hex            #......      93%         1    ##.....
 Ensorcelled Hibernation  Hex/Ice        #.....       98%         2    ###....
 Slow                     Hex            #.......     98%         2    ###....
 Dazzling Flash           Conj/Hex       #.....       99%         3    ####...
 Mephitic Cloud           Conj/Pois/Air  #.......     99%         3    ####...
 Confusing Touch          Hex            #.......     100%        3    ####...
 Tukima's Dance           Hex            #.......     100%        3    ####...


Dungeon Overview and Level Annotations

Branches:
Dungeon (8/15)             Temple (1/1) D:7           Sewer (visited)
   Lair: D:8-11

Altars:
Cheibriados
Fedhas
Gozag
Kikubaaqudgha
Makhleb
Nemelex Xobeh
Okawaru
Qazlal
Ru
Sif Muna
Trog
Yredelemnul
Zin

Shops:
D:5 ?*

Annotations:
D:2 Natasha
D:5 exclusions: downstairs and upstairs
D:8 Joseph


Innate Abilities, Weirdness & Mutations

You are resistant to torment.
Your stone body is resilient. (AC +5)
You are immune to poison.
You resist negative energy. (rN+)
You are resistant to electric shocks. (rElec)
You can survive without breathing.
You are immune to petrification.
You are immune to rotting.


Message History

The orc warrior throws a silver boomerang.
You block the silver boomerang.
The weapon returns to the orc warrior!
The wraith barely misses you.
You feel much better.
The orc warrior throws a silver boomerang.
The silver boomerang hits you but does no damage.
The weapon returns to the orc warrior!
You block the wraith's attack.
As you read the scroll of teleportation, it crumbles to dust.
You feel strangely unstable. You block the wraith's attack.
The orc warrior throws a silver boomerang.
The silver boomerang hits you.
The weapon returns to the orc warrior!
The wraith hits you. The wraith drains your vigour!
You feel as though you will be slow longer.
The orc warrior throws a silver boomerang.
The silver boomerang hits you!
* * * LOW HITPOINT WARNING * * *
x2 The weapon returns to the orc warrior!
The orc warrior throws a silver boomerang.
The silver boomerang hits you!
You die...

......########..## ..........
.....###.......o.### ..........
.........####......####.........#
.....######...........##.......#.
....## ##..........#.........#.#
...## ##..........##..........#.
.### ##.........W.##....W....#.#
## ##.............#.......#..#. #
##..........@W..#...........#
#...............#)...........
##...............#............
#............................#
##............<..............#
##.............##............
##.........######............
#....####### #............
##...## #............


You could see 2 wraiths and an orc warrior.

Vanquished Creatures
  An orc warrior (D:4)
  Purgy (Sewer)
  A phantom (D:6)
  2 ogres (D:5)
  A water moccasin skeleton (D:7)
  5 killer bees
  A bullfrog zombie (D:7)
  4 orc priests
  3 hounds
  9 orc wizards
  A bullfrog skeleton (D:4)
  3 worker ants
  A worker ant zombie (D:6)
  8 adders
  3 river rats (D:4)
  A shadow imp (D:5)
  3 oozes
  An adder skeleton (D:4)
  5 worms
  A dart slug (D:3)
  7 leopard geckos
  20 orcs
  A ball python (D:4)
  11 bats
  4 giant cockroaches
  3 goblins
  2 hobgoblins
  14 jackals
  4 quokkas
  8 frilled lizards
  7 kobolds
  A leopard gecko skeleton (D:4)
  A quokka skeleton (D:6)
  12 rats
150 creatures vanquished.

Vanquished Creatures (others)
  A wizard (D:3)
  A killer bee (D:5)
2 creatures vanquished.

Grand Total: 152 creatures vanquished

Notes
Turn   | Place    | Note
-------+----------+-------------------------------------------
     0 | D:1      | Acheron the Gargoyle Fighter began the quest for the Orb.
     0 | D:1      | Reached XP level 1. HP: 14/14 MP: 1/1
    80 | D:1      | Reached XP level 2. HP: 19/19 MP: 2/2
   303 | D:1      | Reached XP level 3. HP: 23/23 MP: 3/3
   396 | D:1      | You fall into a shaft and drop 1 floor!
   426 | D:2      | Reached skill level 1 in Stealth
   603 | D:2      | Reached skill level 4 in Shields
   619 | D:2      | Reached XP level 4. HP: 23/29 MP: 4/4
  1118 | D:2      | Noticed Natasha
  1582 | D:4      | Reached skill level 1 in Dodging
  1582 | D:4      | Reached XP level 5. HP: 33/33 MP: 6/6
  1605 | D:4      | Found a glowing drain.
  1634 | D:4      | Reached skill level 1 in Spellcasting
  1731 | Sewer    | Entered a sewer
  1886 | Sewer    | Noticed Purgy
  1897 | Sewer    | Killed Purgy
  1897 | Sewer    | Reached skill level 1 in Throwing
  1897 | Sewer    | Reached XP level 6. HP: 37/38 MP: 6/8
  2101 | D:3      | Found a bloodstained altar of Trog.
  2104 | D:3      | Noticed a wizard
  2110 | D:3      | Killed a wizard
  2244 | D:3      | Found an ancient bone altar of Kikubaaqudgha.
  2695 | D:5      | Entered Level 5 of the Dungeon
  2695 | D:5      | Found Yjioge's General Store.
  2798 | D:5      | Found Letudin's Magic Scroll Shoppe.
  2801 | D:5      | Bought a scroll of identify for 26 gold pieces
  2801 | D:5      | Bought a scroll of identify for 26 gold pieces
  2801 | D:5      | Bought a scroll of identify for 26 gold pieces
  3029 | D:6      | Reached XP level 7. HP: 37/43 MP: 9/9
  3260 | D:5      | Reached skill level 5 in Shields
  3619 | D:5      | Reached skill level 1 in Evocations
  3835 | D:5      | Learned a level 1 spell: Magic Dart
  3838 | D:5      | Learned a level 2 spell: Blink
  3841 | D:5      | Learned a level 2 spell: Call Imp
  4007 | D:5      | Reached XP level 8. HP: 45/48 MP: 11/11
  4160 | D:4      | Found a sparkling altar of Nemelex Xobeh.
  4368 | D:4      | Identified the cursed +1 leather armour "Iharuol" {rF+ rN+
                  | MR- Str+6}
  5238 | D:6      | Reached skill level 1 in Conjurations
  5238 | D:6      | Reached skill level 1 in Translocations
  5474 | D:6      | Found a burning altar of Makhleb.
  5520 | D:6      | Reached skill level 1 in Summonings
  5777 | D:6      | Found a snail-covered altar of Cheibriados.
  5777 | D:6      | Found a stormy altar of Qazlal.
  5784 | D:6      | Found an iron altar of Okawaru.
  5786 | D:6      | Found a basalt altar of Yredelemnul.
  5787 | D:6      | Found a shimmering blue altar of Sif Muna.
  5790 | D:6      | Became a worshipper of Warmaster Okawaru
  5962 | D:7      | Found a staircase to the Ecumenical Temple.
  5971 | Temple   | Entered the Ecumenical Temple
  5991 | D:7      | Noticed a wraith
  5993 | D:7      | Noticed a wraith
  6126 | D:7      | Learned a level 3 spell: Conjure Flame
  6147 | D:8      | Noticed Joseph
  6190 | D:7      | Found a sacrificial altar of Ru.
  6360 | D:7      | HP: 1/48 [wraith (6)]
  6363 | D:7      | Hit by a silver boomerang thrown by an orc warrior

Illustrated notes

Levels and vault maps discovered:
D:1:      saegor_arrival_simple_b, layout_loops_ring
D:2:      layout_basic, uniq_natasha
D:3:      layout_rooms, overflow_temple_1_default, trog_wizard
D:4:      layout_basic, first_ration, portal_sewer_entry_a,
          nemelex_lonely_heart_becter
D:5:      layout_rooms, serial_shops, shop, kennysheep_mini
D:6:      layout_rooms, old_standard_altar, chequers_temple_overflow_minitemple,
          minivault_26
D:7:      layout_cave_pods, lemuel_round_altar, minmay_temple_entry_grid,
          minmay_guarded_unrand_finisher
D:8:      layout_loops_ring, minmay_lair_entry_grove, uniq_joseph
Temple:   zaba_magenta_temple

Skill      XL: |  1  2  3  4  5  6  7  8 |
---------------+-------------------------+-----
Stealth        | 1 2 3 |  3.4
Axes           | 2 3 4 |  4.7
Shields        | 4 5 |  5.6
Dodging        | 1 2 |  2.3
Spellcasting   | 1 2 |  2.5
Fighting       | 4 |  4.8
Throwing       | 1 2 |  2.2
Armour         | 4 |  4.8
Evocations     | 1 |  1.6
Conjurations   | 1 |  1.4
Translocations | 1 |  1.2
Summonings     | 1 |  1.1

Action                   |  1- 3 |  4- 6 |  7- 9 || total
-------------------------+-------+-------+-------++-------
Melee: War axe           |   116 |   244 |   251 ||   611
Throw: Dart              |       |     3 |    12 ||    15
       Boomerang         |       |       |     9 ||     9
Evoke: Wand              |       |       |     9 ||     9
  Use: Scroll            |       |     7 |     8 ||    15
       Potion            |       |     3 |     5 ||     8
  Eat: Ration            |       |     1 |     2 ||     3
       Chunk             |       |     4 |     6 ||    10
Armor: Scale mail        |    95 |   149 |   151 ||   395
Dodge: Dodged            |    42 |    95 |   127 ||   264
Block: Kite shield       |    70 |   192 |   246 ||   508
